Cogmind - Beta 15 @@@ ROGUE MODE // 2025.05.29 @ 06:10:41 Player: Niko Result: Destroyed by H-55 Commando with Gauss Rifle Performance ------------- Evolutions (3) 1500 Regions Visited (7) 1400 Robots Destroyed (7) 35 Value Destroyed (140) 140 Prototype IDs (23) 460 Alien Tech Used (0) 0 Bonus (595) 595 TOTAL SCORE: 4130 Bonus ------- Follower Combat Kills 95 Entered Garrisons 200 Aligned with FarCom 300 Cogmind --------- Core Integrity 0/700 Matter 214/300 Energy 100/100 System Corruption 1% Temperature Cool (0) Movement Core (50) Location -7/Garrison Parts ------- > --- POWER (1) -------- (None) > --- PROPULSION (5) --- (None) > --- UTILITY (5) ------ Advanced Visual Processing Unit > --- WEAPON (2) ------- (None) > --- INVENTORY (5) ---- Light Ion Engine Compact Battery (200) Improved Signal Interpreter Cloak of Protection Great Maul Peak State ------------ > --- POWER ------------ Light Deuterium Engine > --- PROPULSION ------- Flight Unit Flight Unit Flight Unit Flight Unit > --- UTILITY ---------- Advanced Visual Processing Unit Improved Terrain Scanner Cloak of Protection > --- WEAPON ----------- Great Maul > --- INVENTORY -------- Light Ion Engine Light Ion Engine Compact Battery Datajack [Rating: 24] Favorites ----------- Power Light Ion Engine Engine Light Ion Engine Propulsion Flight Unit Leg Aluminum Leg Flight Unit Flight Unit Utility Cloak of Protection Device Cloak of Protection Storage Small Storage Unit Processor Advanced Visual Processing Unit Weapon Light Assault Rifle Ballistic Gun Light Assault Rifle Impact Weapon Great Maul Build | -11 -10 -10 -10 -9 -8 -7 -7 ------- Run | Yrd Mat Min Exi Min Mat Fac Gar Slots Evolved 6 | . . . . . 4 2 . Power . | . . . . . . . . Propulsion 3 | . . . . . 2 1 . Utility 3 | . . . . . 2 1 . Weapon . | . . . . . . . . Parts Attached 16 | 6 . 1 1 2 6 . . Power 2 | 1 . . . . 1 . . Engine 2 | 1 . . . . 1 . . Core . | . . . . . . . . Reactor . | . . . . . . . . Propulsion 6 | 2 . . . 2 2 . . Treads . | . . . . . . . . Leg 2 | 2 . . . . . . . Wheel . | . . . . . . . . Hover . | . . . . . . . . Flight 4 | . . . . 2 2 . . Utility 5 | 1 . 1 1 . 2 . . Device 3 | . . 1 1 . 1 . . Storage 1 | 1 . . . . . . . Processor 1 | . . . . . 1 . . Hackware . | . . . . . . . . Protection . | . . . . . . . . Artifact . | . . . . . . . . Weapon 3 | 2 . . . . 1 . . Energy Gun . | . . . . . . . . Energy Cannon . | . . . . . . . . Ballistic Gun 2 | 2 . . . . . . . Ballistic Cannon . | . . . . . . . . Launcher . | . . . . . . . . Special Weapon . | . . . . . . . . Impact Weapon 1 | . . . . . 1 . . Slashing Weapon . | . . . . . . . . Piercing Weapon . | . . . . . . . . Special Melee Weapon . | . . . . . . . . Unidentified Prototypes . | . . . . . . . . Parts Lost 7 | . . 1 . . . . 6 Power 1 | . . . . . . . 1 Propulsion 4 | . . . . . . . 4 Utility 2 | . . 1 . . . . 1 Weapon . | . . . . . . . . Highest Loss Streak 6 | . . 1 . . . . 6 To Critical Strikes . | . . . . . . . . Average Backups 4 | 1 1 3 6 4 3 5 5 Power 1 | 1 1 1 1 1 1 1 1 Propulsion 1 | . . 2 4 2 . . . Utility . | . . . . . . 2 2 Weapon . | . . . . . . . . Tool/Special . | . . . . . . . . Unused Backups 5 | . . 1 . . 1 . 3 Power 1 | . . . . . . . 1 Propulsion 1 | . . 1 . . . . . Utility 1 | . . . . . . . 1 Weapon 1 | . . . . . 1 . . Tool/Special 1 | . . . . . . . 1 Average Slot Usage (%) 81 | . 85 96 90 85 75 68 37 Engine 11 | . 14 14 14 14 8 7 3 Leg 10 | . 28 28 28 1 . . . Flight 19 | . . . . 26 35 30 16 Device 11 | . . 10 4 14 15 15 7 Storage 8 | . 14 14 14 14 . . . Processor 2 | . . . . . 6 7 7 Ballistic Gun 14 | . 28 28 28 14 2 . . Impact Weapon 2 | . . . . . 6 6 1 Peak Build Rating 24 | 6 6 7 14 14 24 24 24 Average Rating 13 | 3 6 6 9 13 21 23 12 On Entrance 11 | . 6 6 6 14 13 24 22 Naked Turns . | . . . . . . . . Heaviest Build 18 | 10 10 11 18 18 18 18 14 Greatest Support 20 | 20 20 20 20 20 16 16 16 Greatest Overweight (x) 2 | 1 . . . 2 1 1 . Average Overweight (x) . | . . . . 1 . . . Largest Inventory Capacity 8 | 8 8 8 8 8 8 5 5 Average Capacity 6 | 7 8 8 8 8 5 5 5 Most Carried 8 | 5 3 8 8 6 5 5 5 Average Carried 4 | 1 1 5 7 4 3 5 4 Final Capacity 8 | 8 8 8 8 8 5 5 5 Final Carried 8 | 1 3 8 6 4 5 5 5 Class Distribution -------------------- 66% | Mutant 26% | Scavenger-Assassin 5% | Scavenger-Sprinter Dominant Class ---------------- Mutant | -10/Materials Mutant | -10/Mines Mutant | -10/Exiles Mutant | -9/Mines Scavenger-Assassin | -8/Materials Scavenger-Assassin | -7/Factory Mutant | -7/Garrison Resources | -11 -10 -10 -10 -9 -8 -7 -7 ----------- Run | Yrd Mat Min Exi Min Mat Fac Gar Matter Collected 295 | 252 17 26 . . . . . Remotely . | . . . . . . . . Salvage Created 160 | . 39 . . 30 91 . . Parts 11 | . 6 . . 2 3 . . Haulers Intercepted . | . . . . . . . . Recyclers Shooed . | . . . . . . . . Parts Field Recycled . | . . . . . . . . Retrieved Matter . | . . . . . . . . Parts Self-Destructed . | . . . . . . . . Prevented . | . . . . . . . . Kills | -11 -10 -10 -10 -9 -8 -7 -7 ------- Run | Yrd Mat Min Exi Min Mat Fac Gar Combat Hostiles Destroyed 7 | . 3 . . 2 2 . . Melee 1 | . . . . . 1 . . Guns 5 | . 3 . . 2 . . . Classes Destroyed 2 | . 1 . . . 1 . . Swarmer 5 | . 3 . . 2 . . . Sentry 2 | . . . . . 2 . . Best Kill Streak 3 | . 3 . . 2 2 . . Combat Bots Only 3 | . 3 . . 2 2 . . Max Kills in Single Turn 1 | . 1 . . 1 1 . . Gunslinging . | . . . . . . . . Exploded . | . . . . . . . . Melee 1 | . . . . . 1 . . Uniques/NPCs Destroyed . | . . . . . . . . Combat | -11 -10 -10 -10 -9 -8 -7 -7 -------- Run | Yrd Mat Min Exi Min Mat Fac Gar Hostile Shots Fired 207 | . 46 14 . 7 23 . 117 Missed 77 | . 15 6 . 3 13 . 40 Hits 130 | . 31 8 . 4 10 . 77 Projectile 130 | . 31 8 . 4 10 . 77 Critical Strikes 1 | . . 1 . . . . . Damage Taken 1570 | . 266 99 . 27 157 . 1021 Core 759 | . 51 . . 8 . . 700 Absorbed by Shields 58 | . . . . . . . 58 Regen/Repaired (Parts) 28 | . . . . . 28 . . Core Remaining (%) 92 | 100 . . . 76 100 . . Volleys Fired 19 | . 15 1 . 3 . . . Largest 2 | . 2 2 . 2 . . . Hottest 40 | . 40 40 . 40 . . . Shots Fired 38 | . 30 2 . 6 . . . Gun 38 | . 30 2 . 6 . . . Cannon . | . . . . . . . . Launcher . | . . . . . . . . Special . | . . . . . . . . Kinetic 38 | . 30 2 . 6 . . . Thermal . | . . . . . . . . Explosive . | . . . . . . . . Electromagnetic . | . . . . . . . . Robot Hit Streak 4 | . 4 . . 3 . . . Robot Miss Streak 5 | . 5 2 . 4 . . . Penetration Max . | . . . . . . . . Secondary Targets . | . . . . . . . . Shots Hit Robots 23 | . 16 . . 3 4 . . Core Hits 9 | . 6 . . 2 1 . . Critical Kills . | . . . . . . . . Critical Parts Destroyed 1 | . . . . . 1 . . Critical Strikes 1 | . . . . . 1 . . Smash 1 | . . . . . 1 . . Melee Attacks 11 | . . . . . 8 . 3 Impact 11 | . . . . . 8 . 3 Slashing . | . . . . . . . . Piercing . | . . . . . . . . Sneak Attacks . | . . . . . . . . Combat Hostiles . | . . . . . . . . Follow-up Attacks . | . . . . . . . . Damage Inflicted 319 | . 137 5 . 25 152 . . Guns 162 | . 137 . . 25 . . . Cannons . | . . . . . . . . Explosions . | . . . . . . . . Melee 152 | . . . . . 152 . . Ramming 5 | . . 5 . . . . . Kinetic 162 | . 137 . . 25 . . . Thermal . | . . . . . . . . Explosive . | . . . . . . . . Electromagnetic . | . . . . . . . . Impact 152 | . . . . . 152 . . Slashing . | . . . . . . . . Piercing . | . . . . . . . . Highest Corruption 1 | . . . . . . . 1 Average Corruption 1 | . . . . . . . 1 Corruption Purged . | . . . . . . . . Corruption Blocked . | . . . . . . . . Overload Shots . | . . . . . . . . Overflow Damage 30 | . . . . . 30 . . Projectiles . | . . . . . . . . Explosions . | . . . . . . . . Melee 30 | . . . . . 30 . . Knockbacks . | . . . . . . . . Impact . | . . . . . . . . Kinetic . | . . . . . . . . Secondary . | . . . . . . . . Self-Inflicted Damage . | . . . . . . . . Shots . | . . . . . . . . Rammed . | . . . . . . . . Targets Rammed 3 | . . 3 . . . . . Kicked 3 | . . 3 . . . . . Crushed . | . . . . . . . . Highest Temperature 9 | . . 9 . . 4 . . Average Temperature 6 | . . 9 . . 4 . . Received Heat Transfer 186 | . 18 54 . . 63 . 51 Siege Activations . | . . . . . . . . Martial Activations . | . . . . . . . . Shielding Activations . | . . . . . . . . Robots Disrupted . | . . . . . . . . Combat Hostiles . | . . . . . . . . Robots Corrupted 1 | . . . . . 1 . . Combat Hostiles 1 | . . . . . 1 . . Parts Fried . | . . . . . . . . Impact Corruptions 2 | . . . . . 2 . . Robots Melted . | . . . . . . . . Combat Hostiles . | . . . . . . . . Parts Melted . | . . . . . . . . Heat Transferred . | . . . . . . . . Parts Sabotaged . | . . . . . . . . Parts Stolen . | . . . . . . . . Parts Stripped . | . . . . . . . . Power Chain Reactions . | . . . . . . . . Alert | -11 -10 -10 -10 -9 -8 -7 -7 ------- Run | Yrd Mat Min Exi Min Mat Fac Gar Maximum Alert Level 1 | . . . . . 1 . . Low Security (%) 99 | 100 100 100 . 100 98 100 100 Level 1 . | . . . . . 1 . . Level 2 . | . . . . . . . . Level 3 . | . . . . . . . . Level 4 . | . . . . . . . . Level 5 . | . . . . . . . . High Security . | . . . . . . . . Max Security . | . . . . . . . . Peak Influence 206 | . 60 120 . 80 206 28 109 Initial 19 | . . 7 . . . 16 19 Average 46 | . 27 44 . 11 102 4 47 Influence Increases 816 | . 70 190 . 101 288 28 139 Destroy 0b10 Robot/C 280 | . 60 120 . 60 40 . . Destroy Leader 60 | . 10 20 . 10 20 . . Allied During Kill 21 | . . 20 . 1 . . . Successful Hack 42 | . . . . . . 28 14 Anti-Garrison Action 50 | . . . . . . . 50 Destroy Structure 3 | . . . . . 3 . . Partial Spotted 15 | . . . . . 15 . . Lose Combat Pursuer 345 | . . 30 . 30 210 . 75 Influence Decreases 707 | . 50 120 90 101 252 36 58 Entered New Map 132 | . . 13 90 . . 20 9 Time Decay 476 | . 50 97 . 81 232 16 . Lost Part 59 | . . 10 . . . . 49 Lost Ally 40 | . . . . 20 20 . . Squads Dispatched 5 | . 2 . . . 3 . . Investigation 1 | . 1 . . . . . . Extermination . | . . . . . . . . Reinforcement 4 | . 1 . . . 3 . . Assault . | . . . . . . . . Garrison . | . . . . . . . . Intercept . | . . . . . . . . Searches Triggered . | . . . . . . . . Construction Impeded . | . . . . . . . . Haulers Reinforced . | . . . . . . . . Active Scanning Responses . | . . . . . . . . Cargo Convoy Interrupts . | . . . . . . . . Stealth | -11 -10 -10 -10 -9 -8 -7 -7 --------- Run | Yrd Mat Min Exi Min Mat Fac Gar Distress Signals 4 | . . . . . 4 . . Communications Jammed . | . . . . . . . . Distress Signals . | . . . . . . . . Times Spotted 49 | . 6 7 . 5 18 5 8 Peak Tracking Total 12 | . 3 3 . 3 12 5 12 Tactical Retreats 9 | . . 1 . 1 5 . 2 Traps | -11 -10 -10 -10 -9 -8 -7 -7 ------- Run | Yrd Mat Min Exi Min Mat Fac Gar Traps Triggered 2 | . 1 . . . . . 1 Indirectly . | . . . . . . . . Trap Hack Attempts . | . . . . . . . . Triggered . | . . . . . . . . Disarmed . | . . . . . . . . Reprogrammed . | . . . . . . . . Reused . | . . . . . . . . Traps Extracted . | . . . . . . . . Installed . | . . . . . . . . Triggered . | . . . . . . . . Most Traps Carried 3 | . . 3 2 . . . . Machines | -11 -10 -10 -10 -9 -8 -7 -7 ---------- Run | Yrd Mat Min Exi Min Mat Fac Gar Machines Disabled . | . . . . . . . . Max in Single Turn . | . . . . . . . . Machines Repaired . | . . . . . . . . Machines Dismantled . | . . . . . . . . Machines Sabotaged . | . . . . . . . . Overloaded Fab Kills . | . . . . . . . . Hacking | -11 -10 -10 -10 -9 -8 -7 -7 --------- Run | Yrd Mat Min Exi Min Mat Fac Gar Machines Accessed 7 | . . . 1 . 1 3 2 Terminals 4 | . . . . . . 2 2 Fabricators . | . . . . . . . . Repair Stations 1 | . . . . . 1 . . Recycling Units . | . . . . . . . . Scanalyzers . | . . . . . . . . Garrison Access 1 | . . . . . . 1 . Total Hacks 14 | . . . 1 . 2 5 6 Successful 9 | . . . 1 . 2 5 1 Failed 5 | . . . . . . . 5 Catastrophic . | . . . . . . . . Database Lockouts . | . . . . . . . . Manual 2 | . . . 1 . . 1 . Terminals 9 | . . . . . . 3 6 Fabricators . | . . . . . . . . Repair Stations 2 | . . . . . 2 . . Recycling Units . | . . . . . . . . Scanalyzers . | . . . . . . . . Garrison Access 2 | . . . . . . 2 . Terminal Hacks 5 | . . . 1 . . 3 1 Record 1 | . . . . . . 1 . Open DSF 1 | . . . . . . 1 . Terminal Index 1 | . . . . . . 1 . Patrol Navigation 1 | . . . . . . . 1 Proto ID Catalog 1 | . . . 1 . . . . Fabricator Hacks . | . . . . . . . . Repair Station Hacks 2 | . . . . . 2 . . Scan Component 1 | . . . . . 1 . . Repair 1 | . . . . . 1 . . Recycling Unit Hacks . | . . . . . . . . Scanalyzer . | . . . . . . . . Garrison Access Hacks 2 | . . . . . . 2 . Unlock Access 1 | . . . . . . 1 . Coupler Status 1 | . . . . . . 1 . Unauthorized Hacks . | . . . . . . . . Terminals . | . . . . . . . . Fabricators . | . . . . . . . . Repair Stations . | . . . . . . . . Recycling Units . | . . . . . . . . Scanalyzers . | . . . . . . . . Garrison Access . | . . . . . . . . Data Cores Recovered . | . . . . . . . . Used . | . . . . . . . . Hacking Detections 3 | . . . . . . 1 2 Full Trace Events 1 | . . . . . . . 1 Feedback Events 1 | . . . . . . . 1 Corruption 1 | . . . . . . . 1 Feedback Blocked . | . . . . . . . . Robot Schematics Acquired . | . . . . . . . . Robots Built . | . . . . . . . . Authchips . | . . . . . . . . Time . | . . . . . . . . Total Robot Build Rating . | . . . . . . . . Part Schematics Acquired . | . . . . . . . . Parts Built . | . . . . . . . . Authchips . | . . . . . . . . Time . | . . . . . . . . Total Part Build Rating . | . . . . . . . . Parts Repaired 1 | . . . . . 1 . . Time 26 | . . . . . 26 . . Parts Recycled . | . . . . . . . . Recycled Matter . | . . . . . . . . Retrieved Matter . | . . . . . . . . Retrieved Components . | . . . . . . . . Parts Scanalyzed . | . . . . . . . . Part Schematics Acquired . | . . . . . . . . Parts Damaged . | . . . . . . . . Bothacking | -11 -10 -10 -10 -9 -8 -7 -7 ------------ Run | Yrd Mat Min Exi Min Mat Fac Gar Used RIF Installer . | . . . . . . . . Robots Hacked . | . . . . . . . . Non-combat . | . . . . . . . . Combat . | . . . . . . . . Robot Hacks Applied . | . . . . . . . . Relay Couplers Released . | . . . . . . . . Fabnet Peak Effective % . | . . . . . . . . Robots Rewired . | . . . . . . . . Allies Hacked . | . . . . . . . . Hacks Repelled . | . . . . . . . . Allies | -11 -10 -10 -10 -9 -8 -7 -7 -------- Run | Yrd Mat Min Exi Min Mat Fac Gar Total Allies 4 | . . 3 . 1 . . . Largest Group 3 | . . 3 2 2 1 . . Highest-Rated Group 40 | . . 40 24 31 31 . . Highest-Rated Ally 31 | . . 16 16 31 31 . . Total Orders . | . . . . . . . . Ally Attacks 28 | . . 22 . 3 3 . . Total Damage 268 | . . 232 . 14 22 . . Kills 8 | . . 7 . 1 . . . Allies Corrupted . | . . . . . . . . Allies Melted . | . . . . . . . . Intel | -11 -10 -10 -10 -9 -8 -7 -7 ------- Run | Yrd Mat Min Exi Min Mat Fac Gar Active Infowar (turns) 926 | . . 269 10 . 425 135 87 Optics 647 | . . . . . 425 135 87 Terrain 590 | . . . . . 415 135 40 Structural 269 | . . 269 . . . . . Cloaking 22 | . . . 10 . . 12 . Robot Analysis Total . | . . . . . . . . Derelict Logs Recovered 1 | . . . . 1 . . . Drone Launches . | . . . . . . . . Drone Recoveries . | . . . . . . . . Exploration | -11 -10 -10 -10 -9 -8 -7 -7 ------------- Run | Yrd Mat Min Exi Min Mat Fac Gar Turns Passed 2191 | 57 126 360 265 590 571 135 87 Spaces Moved 1584 | 51 68 246 216 259 429 143 172 Core 99 | 23 . . . . . . 76 Treads . | . . . . . . . . Legs 576 | 28 68 246 216 18 . . . Wheels . | . . . . . . . . Hover . | . . . . . . . . Flight 909 | . . . . 241 429 143 96 Fastest Speed 31 | 50 120 120 120 120 31 31 31 Average Speed 100 | 90 120 120 120 191 49 93 39 Slowest Speed 197 | 120 120 120 120 197 111 111 50 Overloaded Moves . | . . . . . . . . Propulsion Burnouts . | . . . . . . . . Robots Hopped 8 | . . . . . 8 . . Potential Cave-ins . | . . . . . . . . Cave-ins Triggered . | . . . . . . . . Exploration Rate (%) 34 | 3 20 48 60 47 59 5 35 Regions Visited 7 Branch Regions 3 Pre-discovered Areas 1 | . . . . 1 . . . Known Exits Taken 1 | . . . . . . 1 . Unknown Exits Taken 6 | 1 1 1 1 1 1 . . Scrap Searched 1 | . . 1 . . . . . Spaces Dug 3 | . . . . . 3 . . Terrain Destroyed 3 | . . . . . 3 . . Melee 3 | . . . . . 3 . . Projectile . | . . . . . . . . AOE . | . . . . . . . . Terrain Rammed . | . . . . . . . . Walls Destroyed . | . . . . . . . . Machines Disabled . | . . . . . . . . Actions | -11 -10 -10 -10 -9 -8 -7 -7 --------- Run | Yrd Mat Min Exi Min Mat Fac Gar Total 2126 | 61 88 309 223 350 765 145 185 Wait 460 | . 4 49 4 84 319 . . Move 1562 | 50 67 245 215 258 414 143 170 Hop 6 | . . . . . 6 . . Pick Up 23 | 5 2 8 1 . 7 . . Fast Attach 3 | 2 . . . . 1 . . Attach 15 | 4 . 1 1 2 6 . 1 Detach 4 | . . . . . 1 1 2 Swap . | . . . . . . . . Drop 12 | . . 2 2 3 3 1 1 Fire 19 | . 15 1 . 3 . . . Melee 11 | . . . . . 8 . 3 Ram . | . . . . . . . . Kick 3 | . . 3 . . . . . Crush . | . . . . . . . . Escape Stasis 8 | . . . . . . . 8 Rewire . | . . . . . . . . Trap . | . . . . . . . . Miscellaneous . | . . . . . . . . Route ------- -11/Scrapyard -10/Materials -10/Mines (discovered 2 exits: [*Mat] / *Exi) -10/Exiles -9/Mines -8/Materials -7/Factory -7/Garrison (discovered 1 exit: [*Fac]) History --------- Turn | Location | Event 3 | -11/Scrapyard | Discovered new exit (range 15) 58 | -11/Scrapyard | Entered Materials 143 | -10/Materials | Discovered new exit (range 13) 184 | -10/Materials | Entered Mines 188 | -10/Mines | Discovered new exit (range 16) 296 | -10/Mines | Found a hidden stash of uninstalled traps 300 | -10/Mines | Build established: Mutant 355 | -10/Mines | Assisted by bots powering up and referring to "LRC-V3" 489 | -10/Mines | Deemed a non-threat by the Exiles lab entrance 490 | -10/Mines | Discovered new exit (range 5) 544 | -10/Mines | Entered Exiles 544 | -10/Exiles | Accompanied by 2 allies 574 | -10/Exiles | Met 8R-AWN 594 | -10/Exiles | Met EX-HEX 634 | -10/Exiles | Met EX-BIN 649 | -10/Exiles | Aligned with FarCom system 650 | -10/Exiles | Given EX-Vault access code 678 | -10/Exiles | Opened EX-Vault 686 | -10/Exiles | Found Cloak of Protection 711 | -10/Exiles | Warned to stay clear of 0b10 Research branches 730 | -10/Exiles | Exiles lab attacked by MAIN.C 791 | -10/Exiles | Discovered new exit (range 14) 809 | -10/Exiles | Left Exiles lab with Cloak of Protection 809 | -10/Exiles | Entered Mines 809 | -9/Mines | Accompanied by 2 allies 809 | -9/Mines | Discovered new exit (range 14) 892 | -9/Mines | Learned location of Recycling (-9) 1319 | -9/Mines | Escorted by a lone wolf Derelict 1399 | -9/Mines | Entered Materials 1399 | -8/Materials | Accompanied by 1 ally 1399 | -8/Materials | Evolved 4 slots: Propulsion x2, Utility x2 1434 | -8/Materials | Repaired Lgt. Ion Engine 1828 | -8/Materials | Build established: Scavenger-Assassin 1936 | -8/Materials | Discovered new exit (range 10) 1970 | -8/Materials | Entered Factory 1970 | -7/Factory | Evolved 2 slots: Propulsion x1, Utility x1 2034 | -7/Factory | Identified exit to DSF 2105 | -7/Factory | Identified exit to Garrison 2105 | -7/Factory | Entered Garrison 2127 | -7/Garrison | Triggered checkpoint 2161 | -7/Garrison | Core integrity fell below 50% 2166 | -7/Garrison | Discovered new exit (range 10) 2172 | -7/Garrison | Attempted to access garrison exit controls, blocked by remote lockdown 2181 | -7/Garrison | Core integrity fell below 20% 2182 | -7/Garrison | Lost 6 parts (1p4n1u) 2192 | -7/Garrison | Destroyed by H-55 Commando with Gauss Rifle Last Messages --------------- Field strength at 2. Stasis field depleted. Flight Unit destroyed. Imp. Terrain Scanner destroyed. Lgt. Deuterium Engine destroyed. Flight Unit destroyed. Dropped Datajack. Slug penetrates Wall. Connecting with Garrison Terminal... Feedback: System corruption (+1%). ALERT: Suspicious activity at Terminal G005. Transmitting hostile system tracking data. EXIT=FOUND Connecting with Garrison Terminal... >>Download(Navigation) Retrieving Factory patrol records... Downloaded protocol data. Attempting to access garrison exit controls... Remote lockdown engaged. Slug penetrates Wall. Map ----- +----------------------------------------------------+ | | | | | | | | | | | | | | | | | ????????????????????????????????????????????? | | ????????????????????????????????????????????? | | ????????????????????????????????????????????? | | ????????????????????????????????????????????? | | ????????????????????????????????????????????? | | ????????????????????????????????????????????? | | ????????????????????????????????????????????? | | ????????????????????????????????????????????? | | ????????????????????????????????????????????? | | ????????????????????????????????????????????? | | ?????????#####??????????????????????????????? | | ?????????# #??????????????????????????????? | | ?????????# < #??????????????????????????????? | | ?????????# #??????????????????????????????? | | ?????????# #???????#####???######?????????? | | ?????????# #???????# #???"""""#?????????? | | ?????????# #??###### ##### ###????????? | | ?????##### #??# @ #????????? | | ?????#" #?## s sss #????????? | | ?????#"T"# #?#T ####h############????????? | | ?????##### #?## #??# #???????????????????? | | ?????????# #### #################????????? | | ?????????# g #????????? | | ?????????# g #????????? | | ?????????# g #????????? | | ?????????####################### #????????? | | ???????????????????????????????# #????????? | | ???????????????????????????????# /#????????? | | ???????????????????????????????# #????????? | | ???????????????????????????????# #????????? | | ???????????????????????????????# #????????? | | ???????????????????????????????# #????????? | | ???????????????????????????????# #????????? | | ???????????????????????????????# #????????? | | ???????????????????????????????# +????????? | | ???????????????????????????????# +????????? | | ???????????????????????????????# #????????? | | ???????????????????????????????# #????????? | | ???????????????????????????????# #????????? | | ???????????????????????????????# #????????? | | ???????????????????????????????# #????????? | | ???????????????????????????????# #????????? | +----------------------------------------------------+ Best States ------------- Heat Dissipation 34 Energy Generation 14 Energy Capacity 140 Matter Stores 300 Matter Capacity 300 Sight Range 20 Terrain Scan Range 16 Terrain Scan Density 10 Cloak Strength 5 Evasion (%) 63 Item Schematics ----------------- None Robot Schematics ------------------ None Fabricated ------------ Nothing Repaired ---------- Lgt. Ion Engine | 30% | -8/Materials Alien Tech Used ----------------- None Achievements -------------- None Challenges ------------ None Game ------ Seed ArcsightMicrowarpJets Manual? 0 Play Time 00:23:23 Cumulative 34.7 hours Start 2025.05.28 @ 18:08:39 End 2025.05.29 @ 06:10:41 Sessions 5 Manual Loads 0 Difficulty Rogue Special Mode None Game No. 62 Rogue 62 Adventurer 0 Explorer 0 Win Type - Total 0 Types 0/0/0/0/0/0/0/0/0/0 Lore% 24 Gallery% 29 Achievement% 30 Wizard Run 0 Options --------- Layout 1 ASCII 0 Keyboard 0 Movement Mouse Keybinds 0 Fullscreen 1 Font 24/Smallcaps Map View 50x35 Zoom Use 0% Tactical HUD 0 Map Filters NONE Filters NONE Steam 1 RUN: 2d87b7c6-a3e5-42b2-9f96-95d954938330